 Dungeon Crawl Stone Soup version 0.31-a0-175-g9f7f995f2b (webtiles) character file.

Game seed: 6012676820784798443

23705 bobo the Thaumaturge (level 12, -6/68 HPs)
             Began as a Deep Elf Fire Elementalist on June 12, 2023.
             Was a High Priest of Hepliaklqana.
             Mangled by a death yak (25 damage)
             ... in an ice cave on June 16, 2023.
             The game lasted 00:55:13 (10823 turns).

bobo the Thaumaturge (Deep Elf Fire Elementalist)  Turns: 10823, Time: 00:55:14

Health: -6/68      AC:  7    Str:  5    XL:     12   Next: 74%
Magic:  4/31       EV: 17    Int: 26    God:    Hepliaklqana [*****.]
Gold:   464        SH:  6    Dex: 15    Spells: 12/38 levels left

rFire   + . .        G - +9 short sword of Nimabb {protect, rF+}
rCold   . . .        i - +0 buckler
rNeg    + + +        a - +0 robe
rPois   .            (no helmet)
rElec   .            j - +2 cloak "Sere" {Harm rN+++ Will- Regen+}
rCorr   +            n - +0 pair of gloves
SInv    .            m - +0 pair of boots
Will    .....        B - amulet of magic regeneration
Stlth   ++           l - ring of resist corrosion
HPRegen 1.11/turn    M - +5 ring of evasion
MPRegen 0.62/turn

%: harm (+30% outgoing, +20% incoming)
@: no status effects
A: reduced essence
a: Renounce Religion, Recall Ancestor, Ancestor Identity, Transference, Idealise


You were in an ice cave.
You worshipped Hepliaklqana.
Hepliaklqana was extremely pleased with you.
You visited 2 branches of the dungeon, and saw 13 of its levels.
You also visited: Ice Cave.

You collected 692 gold pieces.
You spent 228 gold pieces at shops.

Inventory:

Hand Weapons
 G - the +9 short sword of Nimabb (weapon) {protect, rF+}
   (You found it on level 8 of the Dungeon)

   rF:        It protects you from fire.
Armour
 a - a +0 robe (worn)
 i - a +0 buckler (worn)
 j - the +2 cloak "Sere" (worn) {Harm rN+++ Will- Regen+}
   (You bought it in a shop on level 8 of the Dungeon)

   rN:        It renders you almost immune to negative energy.
   Regen:     It increases your rate of health regeneration.
   Harm:      It increases damage dealt and taken.
   Will:      It decreases your willpower.
 m - a +0 pair of boots (worn)
 n - a +0 pair of gloves (worn)
 J - a +0 kite shield
Jewellery
 l - a ring of resist corrosion (left hand)
 r - an amulet of regeneration
 B - an amulet of magic regeneration (around neck)
 M - a +5 ring of evasion (right hand)
Wands
 x - a wand of polymorph (2)
 C - a wand of mindburst (2)
 I - a wand of paralysis (10)
 K - a wand of roots (11)
Scrolls
 c - 3 scrolls of enchant armour
 d - a scroll of identify
 e - 3 scrolls of enchant weapon
 f - a scroll of butterflies
 h - a scroll of poison
 k - 4 scrolls of teleportation
 q - 3 scrolls of brand weapon
 t - a scroll of immolation
 u - a scroll of fear
 y - 2 scrolls of fog
 L - a scroll of amnesia {unknown}
Potions
 b - 2 potions of magic
 g - 2 potions of berserk rage {unknown}
 o - 4 potions of curing
 p - a potion of lignification {unknown}
 s - 2 potions of haste {unknown}
 v - a potion of degeneration {unknown}
 w - a potion of cancellation {unknown}
 z - 2 potions of brilliance {unknown}
 E - a potion of attraction {unknown}
 F - a potion of might {unknown}
 H - 2 potions of mutation {unknown}
 N - a potion of heal wounds {unknown}


   Skills:
 + Level 9.3 Fighting
 - Level 2.4 Dodging
 - Level 2.4 Stealth
 + Level 6.4 Shields
 + Level 13.5 Spellcasting
 + Level 6.6 Conjurations
 - Level 8.0 Hexes
 + Level 6.5 Summonings
 + Level 7.5 Fire Magic
 + Level 3.8 Air Magic
 + Level 5.3 Invocations


You had 12 spell levels left.
You knew the following spells:

 Your Spells              Type           Power      Damage    Failure   Level
a - Foxfire               Conj/Fire      100%       2x1d9     1%          1
e - Inner Flame           Hex/Fire       55%        N/A       1%          3
f - Fulminant Prism       Conj/Hex       27%        3d13      2%          4
q - Sticky Flame          Conj/Fire      53%        2d7       2%          4
r - Swiftness             Air            37%        N/A       3%          3
s - Scorch                Fire           100%       2d9       1%          2
v - Summon Mana Viper     Hex/Summ       53%        N/A       8%          5
w - Flame Wave            Conj/Fire      53%        2d13      2%          4

Your spell library contained the following spells:

 Spells                   Type           Power      Damage    Failure   Level
 Magic Dart               Conj           100%       1d8       1%          1
 Ensorcelled Hibernation  Hex/Ice        76%        N/A       1%          2
 Searing Ray              Conj           100%       2d8       1%          2
 Volatile Blastmotes      Fire/Tloc      74%        2d16      3%          3
 Cigotuvi's Dreadful Rot  Necr/Pois/Air  48%        N/A       4%          2
 Ignite Poison            Fire/Tmut/Pois 30%        N/A       5%          3
 Summon Lightning Spire   Summ/Air       44%        N/A       6%          4
 Passwall                 Tmut/Erth      14%        N/A       8%          2
 Animate Armour           Summ/Erth      68%        N/A       14%         4
 Freezing Cloud           Conj/Ice/Air   17%        6-21      34%         5
 Summon Forest            Summ/Tloc      17%        N/A       36%         5
 Summon Cactus Giant      Summ           25%        N/A       47%         6
 Blade Hands              Tmut           8%         N/A       82%         5


Dungeon Overview and Level Annotations

Branches:
Dungeon (11/15)            Temple (0/1) D:7            Lair (2/5) D:8
  Swamp (0/4) Lair:2        IceCv (1/1)
  Snake: Lair:2-3    Spider: Lair:2-3       Orc: D:9-12

Altars:
Cheibriados
Hepliaklqana
Nemelex Xobeh
Sif Muna
Trog
Uskayaw
Vehumet
Wu Jian

Shops:
D:4 [   D:8 [


Message History

Press: ? - help, Dir - move target
As you read the scroll of blinking, it crumbles to dust.
You are too injured to fight recklessly!
Unknown command.
Casting: Flame Wave (dangerous; 2% risk of failure)
Confirm with . or Enter, or press ? or * to list all spells.
You conjure some foxfire!
Casting: Foxfire (safe; 1% risk of failure)
Confirm with . or Enter, or press ? or * to list all spells.
Aiming: Fulminant Prism (dangerous; 2% risk of failure)
Press: ? - help, Dir - move target You conjure a prism of explosive energy!
A fulminant prism comes into view.
The foxfire hits the death yak.
The death yak is heavily wounded.
The foxfire hits the death yak but does no damage.
The death yak is heavily wounded.
Casting: Fulminant Prism (dangerous; 2% risk of failure)
Confirm with . or Enter, or press ? or * to list all spells.
Aiming: Fulminant Prism (dangerous; 2% risk of failure)
Press: ? - help, Dir - move target You conjure a prism of explosive energy!
A fulminant prism comes into view.
Your fulminant prism crackles loudly.
Your magical contamination has completely faded away.
You feel yourself speed up.
Your fulminant prism explodes!
The blast of energy engulfs the death yak!
The death yak is severely wounded.
Your fulminant prism crackles loudly.
You block the death yak's attack.
You hear a bellow!
Your fulminant prism explodes!
The blast of energy engulfs the death yak.
The death yak is severely wounded.
The blast of energy engulfs you! The death yak gores you!
* * * LOW HITPOINT WARNING * * *
You hear an angry hiss.
The death yak gores you!!
You die...

##...##
##...#
##...#
#...##
##...##
##.††..##
#...∩...#
#...Y...#
##..@..##
##...##
#####


You could see a death yak.

Vanquished Creatures
  2 two-headed ogres (D:11)
  A skyshark (Lair:2)
  An ugly thing (D:11)
  2 torpor snails (Lair:1)
  3 cane toads
  A kobold demonologist (D:11)
  A rime drake (IceCv)
  6 komodo dragons
  2 trolls
  3 polar bears (IceCv)
  Grinder (D:4)
  5 blink frogs (Lair:2)
  5 slime creatures (D:10)
  A vampire (D:11)
  A wyvern (D:9)
  27 yaks
  A steam dragon (D:6)
  9 water moccasins
  4 orc warriors
  2 ice beasts (D:8)
  An ogre (D:3)
  8 black bears
  26 wolves
  3 centaurs
  A phantom (D:5)
  3 kobold brigands
  6 bullfrogs
  3 scorpions
  6 wights
  9 killer bees
  2 electric eels (Lair:2)
  A jelly (D:4)
  5 orc priests
  6 hounds
  4 iguanas
  A sleepcap (D:4)
  6 orc wizards
  3 adders
  A shadow imp (D:6)
  12 white imps (D:11)
  A howler monkey simulacrum (D:9)
  3 ufetubi
  A worm (D:4)
  3 dart slugs
  26 orcs
  5 bats
  4 endoplasms
  6 goblins
  6 hobgoblins
  3 jackals (D:5)
  2 quokkas
  2 ball pythons
  8 frilled lizards
  23 kobolds
  3 rats
281 creatures vanquished.

Vanquished Creatures (collateral kills)
  2 cane toads (Lair:2)
  A rime drake (Lair:1)
  A polar bear (D:9)
  6 yaks
  2 basilisks
  Menkaure (D:5)
  4 water moccasins
  2 sky beasts
  2 black bears (D:8)
  An ogre (D:5)
  A wolf (Lair:1)
  3 bullfrogs
  A scorpion (D:4)
  3 wights
  A killer bee (D:11)
  A howler monkey (D:11)
  A hound (D:6)
  An orc priest (D:4)
  An iguana (D:4)
  An orc wizard (D:10)
  A white imp (D:9)
  A worm (D:3)
  7 orcs
  A ball python (D:4)
  An endoplasm (D:4)
  3 kobolds
  12 foxfires
62 creatures vanquished.

Vanquished Creatures (others)
  4 knights
  629 foxfires
  4 fulminant prisms
637 creatures vanquished.

Grand Total: 980 creatures vanquished

Notes
Turn   | Place    | Note
-------+----------+-------------------------------------------
     0 | D:1      | bobo the Deep Elf Fire Elementalist began the quest for the
                  | Orb.
     0 | D:1      | Reached XP level 1. HP: 10/10 MP: 6/6
   395 | D:1      | Reached XP level 2. HP: 16/16 MP: 5/8
   398 | D:1      | Learned a level 2 spell: Scorch
   547 | D:1      | Found a faded altar of an unknown god.
   560 | D:1      | Prayed at the altar of an unknown god.
   560 | D:1      | Became a worshipper of Hepliaklqana the Forgotten
   560 | D:1      | Reached * piety under Hepliaklqana
   845 | D:1      | Upgraded the game from 0.31-a0-161-gb58dd9be76 to
                  | 0.31-a0-164-g2312942fda
  1777 | D:3      | Reached XP level 3. HP: 15/18 MP: 7/10
  1786 | D:3      | Reached skill level 1 in Fighting
  1878 | D:3      | Learned a level 3 spell: Inner Flame
  1917 | D:3      | Reached ** piety under Hepliaklqana
  1918 | D:3      | Remembered your ancestor Æðelind as a knight
  2194 | D:3      | Noticed an ogre
  2198 | D:3      | Killed an ogre
  2199 | D:3      | Reached skill level 4 in Spellcasting
  2199 | D:3      | Reached XP level 4. HP: 23/23 MP: 6/12
  2199 | D:3      | Reached XP level 5. HP: 27/27 MP: 6/13
  2725 | D:4      | Found Xuaxay Toemp's Armour Boutique.
  2889 | D:4      | Reached skill level 1 in Hexes
  3017 | D:4      | Reached XP level 6. HP: 31/31 MP: 4/15
  3027 | D:4      | Reached skill level 5 in Spellcasting
  3159 | D:4      | Noticed Grinder
  3168 | D:4      | Paralysed by Grinder for 4 turns
  3180 | D:4      | Killed Grinder
  3181 | D:4      | Reached skill level 5 in Fire Magic
  3181 | D:4      | Reached XP level 7. HP: 36/36 MP: 8/17
  3186 | D:4      | Learned a level 4 spell: Flame Wave
  3589 | D:4      | Found a sparkling altar of Nemelex Xobeh.
  3593 | D:4      | Found a shimmering blue altar of Sif Muna.
  3612 | D:4      | Reached skill level 6 in Spellcasting
  3812 | D:5      | Entered Level 5 of the Dungeon
  3891 | D:5      | Noticed Menkaure
  3918 | D:5      | Reached XP level 8. HP: 41/41 MP: 13/19
  3922 | D:5      | Reached skill level 5 in Conjurations
  3933 | D:5      | Reached skill level 7 in Spellcasting
  3939 | D:5      | Killed Menkaure
  4107 | D:5      | Reached *** piety under Hepliaklqana
  4118 | D:5      | Learned a level 4 spell: Sticky Flame
  4124 | D:5      | Learned a level 5 spell: Summon Mana Viper
  4533 | D:6      | Reached skill level 1 in Summonings
  5049 | D:6      | Found a hide-covered altar of Uskayaw.
  5057 | D:6      | Reached XP level 9. HP: 46/46 MP: 22/22
  5070 | D:6      | Reached skill level 8 in Spellcasting
  5935 | D:7      | Reached **** piety under Hepliaklqana
  6329 | D:7      | Found a staircase to the Ecumenical Temple.
  6452 | D:7      | Found an ornate altar of the Wu Jian Council.
  6571 | D:7      | Found a bloodstained altar of Trog.
  6585 | D:7      | Reached skill level 5 in Fighting
  6679 | D:7      | Learned a level 3 spell: Swiftness
  6740 | D:8      | Reached skill level 5 in Hexes
  6745 | D:8      | Reached skill level 9 in Spellcasting
  6795 | D:8      | Reached XP level 10. HP: 53/53 MP: 8/25
  6845 | D:8      | Reached skill level 5 in Summonings
  6868 | D:8      | Found a staircase to the Lair.
  6880 | D:8      | Found Unablept's Antique Armour Shop.
  6889 | D:8      | Bought a buzzing cloak for 228 gold pieces
  6889 | D:8      | Identified the +2 cloak "Sere" {Harm rN+++ Will- Regen+}
                  | (You bought it in a shop on level 8 of the Dungeon)
  7097 | D:8      | Identified the +9 short sword of Nimabb {protect, rF+}
  7337 | Lair:1   | Entered Level 1 of the Lair of Beasts
  7340 | Lair:1   | Reached skill level 10 in Spellcasting
  7530 | Lair:1   | Noticed a torpor snail
  7535 | Lair:1   | Killed a torpor snail
  7545 | Lair:1   | Found a snail-covered altar of Cheibriados.
  7622 | Lair:1   | Reached skill level 1 in Shields
  7622 | Lair:1   | Reached skill level 1 in Air Magic
  7689 | Lair:1   | Reached skill level 11 in Spellcasting
  7743 | Lair:1   | Noticed a torpor snail
  7755 | Lair:1   | Killed a torpor snail
  7808 | Lair:1   | Reached XP level 11. HP: 58/59 MP: 21/28
  8117 | Lair:1   | Reached skill level 12 in Spellcasting
  8122 | Lair:1   | Upgraded the game from 0.31-a0-164-g2312942fda to
                  | 0.31-a0-174-g85c54bcb58
  8393 | Lair:2   | Identified the +3 spear of Ru, Changing {heavy, rPois
                  | rCorr}
  8638 | Lair:2   | Reached skill level 13 in Spellcasting
  8714 | Lair:2   | Found a staircase to the Swamp.
  8818 | Lair:2   | Noticed a skyshark
  8829 | Lair:2   | Killed a skyshark
  8830 | Lair:2   | Reached skill level 5 in Shields
  8830 | Lair:2   | Reached skill level 1 in Invocations
  8861 | Lair:2   | Reached XP level 12. HP: 67/67 MP: 27/31
  9091 | Lair:2   | Noticed an ice dragon
  9661 | D:9      | Found a radiant altar of Vehumet.
  9875 | D:10     | Entered Level 10 of the Dungeon
  9968 | D:10     | Reached ***** piety under Hepliaklqana
 10038 | D:10     | Learned a level 4 spell: Fulminant Prism
 10646 | D:11     | Noticed a two-headed ogre
 10651 | D:11     | Killed a two-headed ogre
 10678 | D:11     | Upgraded the game from 0.31-a0-174-g85c54bcb58 to
                  | 0.31-a0-175-g9f7f995f2b
 10720 | D:11     | Found a frozen archway.
 10722 | D:11     | Reached skill level 5 in Invocations
 10727 | D:11     | Noticed a two-headed ogre
 10733 | D:11     | Killed a two-headed ogre
 10786 | IceCv    | Entered an ice cave
 10806 | IceCv    | Noticed a death yak
 10823 | IceCv    | Mangled by a death yak

Illustrated notes

Levels and vault maps discovered:
D:1:      lightli_arrival_isolated_outpost, layout_loops_ring,
          shapermc_ecumenical_altar_mp_highgroup
D:2:      layout_basic
D:3:      layout_rooms, chequers_serial_rivers_large_b, minmay_curled_crystal,
          nrook_mini_backslash
D:4:      layout_basic, grunt_temple_overflow_open, serial_shops, shop,
          uniq_grinder
D:5:      layout_cave_pools, serial_rivers, chequers_serial_rivers_micro_c,
          chequers_serial_rivers_micro_e, chequers_serial_rivers_large_a,
          chequers_serial_rivers_small_b, uniq_menkaure
D:6:      layout_basic, mainiacjoe_overflow_surrounded_room, serial_rivers,
          chequers_serial_rivers_micro_e, chequers_serial_rivers_small_3,
          chequers_serial_rivers_micro_e, chequers_serial_rivers_micro_d,
          minmay_splitting_lines, kennysheep_windowed_goal
D:7:      layout_basic, trog_ov_bears_minmay, kennysheep_mini,
          minmay_temple_entry_drinking_statues
D:8:      layout_rooms, due_lair_maze_entry_diamond, serial_shops, shop,
          fountainhead
D:9:      layout_loops_ring, nicolae_vehumet_radiance, serial_ice, serial_ice_g,
          serial_ice_o, serial_ice_c, serial_ice_n
D:10:     layout_irregular_city
D:11:     layout_rooms, portal_ice_cave_entry_imps
Lair:1:   layout_roguey, kennysheep_snail_temple
Lair:2:   dragon1_lemuel, layout_gridlike, swamp_mist_pool, serial_bayou_pond_a,
          beast_lair_carwin_1
IceCv:    ice_cave_small_giant

Skill      XL: |  1  2  3  4  5  6  7  8  9 10 11 12 |
---------------+-------------------------------------+-----
Fighting       | 1 2 3 4 5 6 8 9 |  9.3
Conjurations   | 2 3 4 6 |  6.6
Spellcasting   | 4 5 6 7 9 11 13 | 13.5
Fire Magic     | 4 5 6 7 |  7.5
Hexes          | 1 3 4 6 7 8 |  8.0
Summonings     | 2 4 6 |  6.5
Shields        | 2 5 6 |  6.4
Air Magic      | 2 3 |  3.8
Invocations    | 1 5 |  5.3
Dodging        | |  2.4
Stealth        | |  2.4

Action                     |  1- 3 |  4- 6 |  7- 9 | 10-12 || total
---------------------------+-------+-------+-------+-------++-------
  Melee: Dagger            |     7 |       |     3 |       ||    10
   Cast: Foxfire           |    49 |    19 |    89 |   228 ||   385
         Scorch            |    16 |    12 |    59 |   135 ||   222
         Inner Flame       |       |     5 |    16 |    42 ||    63
         Flame Wave        |       |       |     1 |    13 ||    14
         Summon Mana Viper |       |       |       |     2 ||     2
         Fulminant Prism   |       |       |       |     4 ||     4
         Sticky Flame      |       |       |       |     3 ||     3
 Invoke: Ancestor Identity |     1 |       |       |       ||     1
         Ancestor Life: Kn |     1 |       |       |       ||     1
         Recall Ancestor   |       |       |     1 |     2 ||     3
         Transference      |       |       |     1 |     5 ||     6
    Use: Scroll            |       |       |     5 |    11 ||    16
         Potion            |       |       |     2 |     1 ||     3
   Stab: Sleeping          |     1 |       |       |       ||     1
 Armour: Robe              |     3 |       |     5 |    11 ||    19
  Dodge: Dodged            |    11 |     3 |    16 |    36 ||    66
  Block: Buckler           |       |       |       |     9 ||     9

Table legend: (Time is in decaauts)
 A = Elapsed time spent in this place.
 B = Non-inter-level travel time spent in this place.
 C = Inter-level travel time spent in this place.
 D = Time resting spent in this place.
 E = Time spent auto-exploring this place.
 F = Levels seen in this place.
 G = Mean time per level.
                   A        B        C        D        E       F      G
               +--------+--------+--------+--------+--------+-----+--------+
         Total |  10889 |  10551 |    338 |    183 |   8635 |  14 |  777.8 |
       Dungeon |   9035 |   8740 |    295 |    180 |   7255 |  11 |  821.4 |
          Lair |   1812 |   1769 |     43 |      3 |   1379 |   2 |  906.0 |
      Ice Cave |     42 |     42 |      0 |      0 |      0 |   1 |   42.0 |
               +--------+--------+--------+--------+--------+-----+--------+

Top non-repeatable levels by time:
     D:6: 1244 daAuts
     D:4: 1035 daAuts
     D:3: 1024 daAuts
  Lair:1: 987 daAuts
     D:1: 979 daAuts
     D:7: 928 daAuts
  Lair:2: 824 daAuts
     D:2: 804 daAuts
    D:10: 749 daAuts
     D:5: 726 daAuts
     D:9: 721 daAuts
     D:8: 658 daAuts
    D:11: 160 daAuts
   IceCv: 42 daAuts
